 Dungeon Crawl Stone Soup version 0.28-a0-1382-g92835e5c71 (webtiles) character file.

Game seed: 12763022010782591604

1707 Conn the Firebug (level 9, -8/52 HPs)
             Began as an Octopode Fire Elementalist on Jan 1, 2022.
             Mangled by a two-headed ogre (29 damage)
             ... on level 5 of the Dungeon.
             The game lasted 00:14:34 (4948 turns).

Conn the Firebug (Octopode Fire Elementalist)       Turns: 4948, Time: 00:14:35

Health: -8/52      AC:  1    Str:  7    XL:     9   Next: 3%
Magic:  11/18      EV: 13    Int: 21    God:
Gold:   215        SH:  0    Dex: 13    Spells: 8/21 levels left

rFire   . . .      SeeInvis .   b - staff of conjuration
rCold   . . .      Faith    .   (no shield)
rNeg    . . .      Spirit   .   (helmet restricted)
rPois   .          Reflect  .   (no amulet)
rElec   .          Harm     .   (no ring)
rCorr   .          Rampage  .   (no ring)
Will    .....                   (no ring)
Stlth   ++++......              (no ring)
HPRegen 0.17/turn               (no ring)
MPRegen 0.16/turn               (no ring)
                                (no ring)
                                (no ring)

@: about to teleport
A: almost no armour, amphibious, 8 rings, camouflage 1, gelatinous body 1,
(nimble swimmer 1), tentacles
a: no special abilities


You were on level 5 of the Dungeon.
You visited 1 branch of the dungeon, and saw 5 of its levels.

You collected 215 gold pieces.

Inventory:

Hand Weapons
 a - a +0 short sword
Missiles
 e - 34 poisoned darts
 m - a throwing net
Magical Staves
 b - a staff of conjuration (weapon)
Scrolls
 c - 3 scrolls of teleportation
 d - 3 scrolls of noise
 f - 3 scrolls of identify
 i - a scroll of brand weapon {unknown}
 k - a scroll of magic mapping {unknown}
 l - 2 scrolls of amnesia {unknown}
Potions
 j - a potion of lignification {unknown}
 n - a potion of berserk rage {unknown}


   Skills:
 + Level 0.6 Fighting
 + Level 1.0 Staves
 + Level 2.5 Dodging
 + Level 4.3 Stealth
 + Level 6.5 Spellcasting
 + Level 4.8 Conjurations
 + Level 1.2 Hexes
 + Level 7.1 Fire Magic


You had 8 spell levels left.
You knew the following spells:

 Your Spells              Type           Power      Damage    Failure   Level
a - Foxfire               Conj/Fire      100%       2x1d9     1%          1
b - Conjure Flame         Conj/Fire      47%        6-21      2%          3
c - Inner Flame           Hex/Fire       24%        N/A       4%          3
d - Flame Wave            Conj/Fire      47%        2d8       8%          4
e - Scorch                Fire           72%        2d9       1%          2

Your spell library contained the following spells:

 Spells                   Type           Power      Damage    Failure   Level
 Slow                     Hex            44%        N/A       5%          1
 Ensorcelled Hibernation  Hex/Ice        18%        N/A       11%         2
 Confusing Touch          Hex            11%        N/A       17%         3
 Tukima's Dance           Hex            11%        N/A       17%         3
 Vampiric Draining        Necr           6%         2d6       28%         3
 Enfeeble                 Hex            5%         N/A       100%        7


Dungeon Overview and Level Annotations

Branches:
Dungeon (5/15)
 Temple: D:4-7

Altars:
Ashenzari
Nemelex Xobeh
Vehumet

Shops:
D:4 *

Annotations:
D:5 Grinder


Innate Abilities, Weirdness & Mutations

You cannot wear most types of armour.
You are amphibious.
You can wear up to eight rings at the same time.
Your skin changes colour to match your surroundings (Stealth+).
Your rubbery body absorbs attacks. (AC +1, EV +1)
((You are camouflaged when in or above water. (Stealth+)))
You have tentacles for arms and can constrict up to eight enemies at once.


Message History

Unknown command.
Casting: Inner Flame (dangerous; 4% risk of failure)
Confirm with . or Enter, or press ? or * to list all spells.
Flames lash the two-headed ogre.
The two-headed ogre is lightly wounded.
The two-headed ogre's fire resistance burns away.
Casting: Scorch (safe; 1% risk of failure)
Confirm with . or Enter, or press ? or * to list all spells.
Flames lash the two-headed ogre.
The two-headed ogre is burned terribly!
The two-headed ogre is lightly wounded.
Casting: Scorch (safe; 1% risk of failure)
Confirm with . or Enter, or press ? or * to list all spells.
Casting: Flame Wave (dangerous; 8% risk of failure)
Press: ? - help, Dir - look around, f - activate
Okay, then.
Casting: Flame Wave (dangerous; 8% risk of failure)
Confirm with . or Enter, or press ? or * to list all spells.
You feel a surge of power!
You conjure some foxfire!
Grinder hits you!
You writhe in agony.
Unknown command.
The two-headed ogre is no longer more vulnerable to fire.
The foxfire hits the two-headed ogre.
The two-headed ogre is lightly wounded.
The foxfire hits the two-headed ogre.
The two-headed ogre is moderately wounded.
Grinder says, "You look like you could use a good racking."
The two-headed ogre hits you with a +0 great mace!!
Ouch! That really hurt!
The two-headed ogre barely misses you.
Unknown command.
Grinder blinks!
There is a stone staircase leading up here.
Grinder blinks!
Okay, then.
Okay, then.
As you read the scroll of teleportation, it crumbles to dust.
You feel strangely unstable.
The two-headed ogre hits you with a +0 great mace!!
Ouch! That really hurt!
You die...

##########
#........#
##........########
#.................
#...l........#..##
#O####.>..........
###@#####.#.........
#.......#.##.#######
#.......#.#........#
#.......#.#.........
#.......#.#.........
#.........#..#######
#.......##5.........
#...........#######<
#######.............


You could see a two-headed ogre and Grinder.

Vanquished Creatures
  Pikel (D:4)
  Sigmund (D:4)
  A shadow (D:5)
  A water moccasin (D:5)
  Duvessa (D:5)
  An ogre (D:4)
  A necrophage (D:5)
  3 lemures
  A scorpion (D:5)
  Dowan (D:5)
  A water moccasin skeleton (D:5)
  2 hounds (D:5)
  A gnoll shaman (D:5)
  2 jellies
  An orc priest (D:3)
  A scorpion zombie (D:5)
  2 orc wizards (D:5)
  3 gnolls
  3 adders (D:3)
  An ufetubus (D:5)
  5 worms
  A dart slug (D:3)
  7 orcs
  5 ball pythons
  4 endoplasms
  3 giant cockroaches
  6 goblins
  5 hobgoblins
  3 jackals (D:1)
  10 kobolds
  2 quokkas
  6 bats
  A frilled lizard (D:2)
  4 rats
91 creatures vanquished.

Vanquished Creatures (others)
  317 foxfires
317 creatures vanquished.

Grand Total: 408 creatures vanquished

Notes
Turn   | Place    | Note
-------+----------+-------------------------------------------
     0 | D:1      | Conn the Octopode Fire Elementalist began the quest for the
                  | Orb.
     0 | D:1      | Reached XP level 1. HP: 11/11 MP: 3/3
   346 | D:1      | Reached XP level 2. HP: 17/17 MP: 1/5
   664 | D:1      | Reached XP level 3. HP: 15/21 MP: 0/6
  1799 | D:2      | Learned a level 3 spell: Conjure Flame
  1803 | D:2      | Learned a level 3 spell: Inner Flame
  1822 | D:3      | Reached skill level 4 in Fire Magic
  1822 | D:3      | Reached XP level 4. HP: 22/27 MP: 2/7
  2049 | D:3      | Found a large runed translucent door.
  2049 | D:3      | Found a large runed translucent door.
  2096 | D:3      | Reached XP level 5. HP: 31/31 MP: 5/9
  2591 | D:3      | Found a radiant altar of Vehumet.
  2639 | D:3      | Found a sparkling altar of Nemelex Xobeh.
  2688 | D:4      | Found Hierphetz's Neck Hole.
  2894 | D:4      | Noticed an ogre
  2954 | D:4      | Noticed Pikel
  2954 | D:4      | Noticed a lemure
  2954 | D:4      | Noticed a lemure
  2954 | D:4      | Noticed a lemure
  2954 | D:4      | Noticed a lemure
  2982 | D:3      | Killed a lemure
  2995 | D:3      | Killed a lemure
  3262 | D:4      | Killed an ogre
  3263 | D:4      | Reached XP level 6. HP: 37/37 MP: 3/11
  3388 | D:4      | Found a broken altar of Ashenzari.
  3461 | D:4      | Noticed Sigmund
  3476 | D:4      | Killed Sigmund
  3505 | D:4      | Noticed a black bear
  3710 | D:4      | Killed Pikel
  3711 | D:4      | Reached skill level 5 in Spellcasting
  3711 | D:4      | Reached skill level 5 in Fire Magic
  3711 | D:4      | Reached XP level 7. HP: 42/42 MP: 0/14
  3711 | D:4      | Reached XP level 8. HP: 47/47 MP: 0/15
  3715 | D:4      | Reached skill level 1 in Hexes
  4104 | D:5      | Entered Level 5 of the Dungeon
  4114 | D:5      | Reached skill level 1 in Staves
  4187 | D:5      | Reached skill level 6 in Fire Magic
  4489 | D:4      | Learned a level 4 spell: Flame Wave
  4492 | D:4      | Learned a level 2 spell: Scorch
  4728 | D:5      | Noticed Dowan
  4731 | D:5      | Noticed Duvessa
  4734 | D:5      | Killed Dowan
  4736 | D:5      | Killed Duvessa
  4736 | D:5      | Noticed a two-headed ogre
  4737 | D:5      | Noticed a shadow
  4742 | D:5      | Noticed Grinder
  4750 | D:5      | Killed a shadow
  4751 | D:5      | Reached XP level 9. HP: 31/52 MP: 1/18
  4915 | D:5      | Reached skill level 7 in Fire Magic
  4948 | D:5      | Mangled by a two-headed ogre

Illustrated notes

Levels and vault maps discovered:
D:1:      minmay_arrival_pointy, layout_basic
D:2:      layout_rooms
D:3:      layout_basic, jmf_multi_god_temple2
D:4:      layout_loops_ring, mainiacjoe_overflow_six_doors_small,
          minmay_misc_feat_nine_boxes, eino_small_chamber_without_monster,
          nicolae_shop_sticking_my_neck_out, uniq_sigmund, uniq_pikel
D:5:      cheibrodos_fzero, layout_basic, uniq_duvessa, uniq_eustachio,
          uniq_grinder

Skill      XL: |  1  2  3  4  5  6  7  8  9 |
---------------+----------------------------+-----
Fire Magic     | 4 5 6 7 |  7.1
Stealth        | 3 4 |  4.3
Conjurations   | 2 4 |  4.8
Spellcasting   | 3 5 6 |  6.5
Hexes          | 1 |  1.2
Staves         | 1 |  1.0
Fighting       | |  0.6
Dodging        | |  2.5

Action                   |  1- 3 |  4- 6 |  7- 9 || total
-------------------------+-------+-------+-------++-------
Melee: Unarmed           |     5 |       |       ||     5
       Constrict         |     2 |     2 |     2 ||     6
       Tentacles         |     1 |     1 |     1 ||     3
       Staff             |     4 |     7 |     3 ||    14
 Cast: Foxfire           |    69 |    63 |    49 ||   181
       Conjure Flame     |       |     4 |       ||     4
       Inner Flame       |       |     3 |     2 ||     5
       Scorch            |       |       |    14 ||    14
  Use: Scroll            |       |       |     4 ||     4
       Potion            |       |       |     2 ||     2
Armor: Skin              |     8 |     1 |       ||     9
Dodge: Dodged            |    17 |    15 |    21 ||    53

Table legend: (Time is in decaauts)
 A = Elapsed time spent in this place.
 B = Non-inter-level travel time spent in this place.
 C = Inter-level travel time spent in this place.
 D = Time resting spent in this place.
 E = Time spent auto-exploring this place.
 F = Levels seen in this place.
 G = Mean time per level.
                   A        B        C        D        E       F      G
               +--------+--------+--------+--------+--------+-----+--------+
         Total |   4954 |   4896 |     58 |    532 |   3086 |   5 |  990.8 |
       Dungeon |   4954 |   4896 |     58 |    532 |   3086 |   5 |  990.8 |
               +--------+--------+--------+--------+--------+-----+--------+

Top non-repeatable levels by time:
     D:4: 1587 daAuts
     D:3: 1137 daAuts
     D:1: 1134 daAuts
     D:2: 676 daAuts
     D:5: 419 daAuts
